 Dungeon Crawl Stone Soup version 0.26-a0-652-gafc20e3620 (webtiles) character file.

Game seed: 13646369670639638051

1934 miket3c the Cleaver (level 8, -4/69 HPs)
             Began as a Minotaur Fighter on Oct 3, 2020.
             Was a Follower of Makhleb.
             Slain by an orc warrior
             ... wielding a +0 glaive
              (17 damage)
             ... on level 7 of the Dungeon.
             The game lasted 00:11:04 (6352 turns).

miket3c the Cleaver (Minotaur Fighter)              Turns: 6352, Time: 00:11:05

Health: -4/69      AC:  9    Str: 22    XL:     8   Next: 97%
Magic:  7/7        EV:  9    Int:  5    God:    Makhleb [*.....]
Gold:   346        SH: 10    Dex: 11    Spells: 7/7 levels left

rFire    + . .     SeeInvis .   a - +0 war axe
rCold    x . .     Faith    .   c - +0 kite shield
rNeg     . . .     Spirit   .   b - +0 scale mail
rPois    .         Reflect  .   (helmet restricted)
rElec    .         Harm     .   (no cloak)
rCorr    .         Rampage  .   i - +0 pair of gloves
MR       +....                  (no boots)
Stlth    ..........             (no amulet)
HPRegen  0.21/turn              y - ring of protection from magic
MPRegen  0.10/turn              z - ring of fire

@: no status effects
A: retaliatory headbutt, horns 2
a: Renounce Religion


You were on level 7 of the Dungeon.
You worshipped Makhleb.
Makhleb was aware of your devotion.
You visited 2 branches of the dungeon, and saw 8 of its levels.

You collected 346 gold pieces.

Inventory:

Hand Weapons
 a - a +0 war axe (weapon)
 A - a +0 battleaxe
Missiles
 k - 166 stones (quivered)
 r - 34 poisoned darts
Armour
 b - a +0 scale mail (worn)
 c - a +0 kite shield (worn)
 i - a +0 pair of gloves (worn)
Jewellery
 y - a ring of protection from magic (left hand)
 z - a ring of fire (right hand)
 C - an uncursed ring of see invisible {unknown}
Wands
 t - a wand of iceblast (10)
 v - a wand of acid (12)
Scrolls
 g - a scroll of remove curse
 h - 3 scrolls of teleportation {unknown}
 l - a scroll of magic mapping {unknown}
 m - 2 scrolls of noise
 n - 2 scrolls of blinking
 p - 3 scrolls of identify {unknown}
 w - 2 scrolls of fear {unknown}
 x - a scroll of enchant weapon {unknown}
 B - 2 scrolls of immolation {unknown}
 F - a scroll of acquirement {unknown}
Potions
 d - a potion of stabbing {unknown}
 e - a potion of invisibility {unknown}
 f - 4 potions of mutation {unknown}
 j - 3 potions of degeneration {unknown}
 o - 2 potions of flight {unknown}
 q - a potion of haste {unknown}
 s - a potion of magic {unknown}
 u - 2 potions of curing
 D - a potion of ambrosia {unknown}
 E - a potion of heal wounds {unknown}
 G - 2 potions of berserk rage {unknown}


   Skills:
 + Level 5.5 Fighting
 * Level 10.9 Axes
 + Level 6.4 Armour
 + Level 2.5 Dodging
 + Level 6.0 Shields


You had 7 spell levels left.
You didn't know any spells.
Your spell library contained the following spells:

 Spells                   Type           Power        Failure   Level
 Magic Dart               Conj           #...         99%         1
 Summon Small Mammal      Summ           #...         99%         1
 Blink                    Tloc           N/A          99%         2
 Call Imp                 Summ           #.......     99%         2
 Slow                     Hex            #.......     99%         2
 Call Canine Familiar     Summ           #.......     100%        3
 Conjure Flame            Conj/Fire      #.......     100%        3
 Mephitic Cloud           Conj/Pois/Air  #.......     100%        3
 Summon Guardian Golem    Hex/Summ       #.......     100%        3
 Summon Ice Beast         Ice/Summ       #.......     100%        4
 Summon Lightning Spire   Summ/Air       #.......     100%        4


Dungeon Overview and Level Annotations

Branches:
Dungeon (7/15)             Temple (1/1) D:5

Altars:
Dithmenos
Makhleb
Ru
Trog
Uskayaw
Vehumet
Xom
Yredelemnul
The Shining One


Innate Abilities, Weirdness & Mutations

You reflexively headbutt those who attack you in melee.
You have a pair of horns on your head.


Message History

The orc warrior hits you with a +0 glaive!
* * * LOW HITPOINT WARNING * * *
The orc wizard hits you but does no damage.
You slash the orc warrior! Your headbutt misses the orc warrior.
The orc warrior is almost dead.
You hit the orc wizard.
You kill the orc wizard!
Makhleb accepts your kill.
Your Shields skill increases to level 6!
The orc warrior hits you but does no damage.
You hit the orc warrior but do no damage.
The orc warrior is almost dead.
You closely miss the orc warrior.
The orc warrior is almost dead.
The orc warrior hits you with a +0 glaive.
* * * LOW HITPOINT WARNING * * *
You closely miss the orc warrior. Your headbutt misses the orc warrior.
The orc warrior is almost dead.
The orc warrior hits you with a +0 glaive!
You die...

..... #................# #...#
#.......)........# #...#
#................# .. #...#
#................# ...###...#
#######....####### .......<)##
#....#....#
......)..)####....#....########
...>......)..)o...'......†.....
....#####([(.#@...#########..#.
..# #..(..†(#....# #....... #
#.#######....# ######## ..
#....# ####### #. #....#
#§(§.§.# # #....# #._....'
#....# #..§...# ###### #######
########


You could see an orc warrior.

Vanquished Creatures
  Maggie (D:7)
  Menkaure (D:7)
  An ice beast (D:6)
  A necrophage (D:5)
  A centaur (D:7)
  An ogre (D:5)
  2 bullfrogs (D:6)
  A water moccasin zombie (D:6)
  A scorpion (D:4)
  A water moccasin skeleton (D:5)
  5 wights (D:6)
  A howler monkey (D:4)
  A centaur zombie (D:6)
  2 hounds (D:6)
  2 orc priests (D:7)
  A jelly (D:6)
  2 bullfrog skeletons
  3 orc wizards
  A centaur skeleton (D:4)
  Ijyb (D:3)
  4 worker ants
  A hound zombie (D:7)
  2 hound skeletons
  7 adders
  2 white imps (D:6)
  An ufetubus (D:5)
  An adder skeleton (D:3)
  4 worms
  4 dart slugs
  3 leopard geckos
  12 orcs
  A giant cockroach (D:1)
  A hobgoblin (D:1)
  10 jackals
  8 kobolds
  A quokka (D:3)
  7 bats
  5 frilled lizards
  7 goblins
  5 rats
116 creatures vanquished.

Vanquished Creatures (others)
  An orc (D:7)
1 creature vanquished.

Grand Total: 117 creatures vanquished

Notes
Turn   | Place    | Note
-------+----------+-------------------------------------------
     0 | D:1      | miket3c the Minotaur Fighter began the quest for the Orb.
     0 | D:1      | Reached XP level 1. HP: 19/19 MP: 0/0
     6 | D:1      | Noticed a black mamba
     6 | D:1      | Noticed a black bear
     7 | D:1      | Noticed a lindwurm
     7 | D:1      | Noticed a killer bee
   158 | D:1      | Reached XP level 2. HP: 18/27 MP: 1/1
   476 | D:1      | Reached skill level 3 in Axes
   749 | D:1      | Reached XP level 3. HP: 33/33 MP: 2/2
  1580 | D:3      | Noticed Ijyb
  1696 | D:3      | Reached skill level 4 in Axes
  1716 | D:3      | Reached XP level 4. HP: 13/40 MP: 3/3
  1749 | D:3      | Killed Ijyb
  2398 | D:3      | Found a shimmering altar of Xom.
  2398 | D:3      | Found a radiant altar of Vehumet.
  2510 | D:3      | Found a shadowy altar of Dithmenos.
  2821 | D:4      | Reached XP level 5. HP: 31/46 MP: 4/4
  2823 | D:4      | Reached skill level 5 in Axes
  2829 | D:4      | Reached skill level 1 in Dodging
  3056 | D:4      | Reached XP level 6. HP: 38/53 MP: 5/5
  3214 | D:4      | Reached skill level 6 in Axes
  3830 | D:5      | Entered Level 5 of the Dungeon
  3994 | D:5      | Reached skill level 7 in Axes
  4118 | D:5      | Found a staircase to the Ecumenical Temple.
  4281 | D:5      | Reached skill level 5 in Shields
  4281 | D:5      | Reached XP level 7. HP: 60/60 MP: 6/6
  4335 | D:5      | Reached skill level 5 in Armour
  4811 | Temple   | Entered the Ecumenical Temple
  4823 | Temple   | Became a worshipper of Makhleb the Destroyer
  4896 | D:6      | Reached skill level 8 in Axes
  5186 | D:6      | Reached XP level 8. HP: 67/67 MP: 7/7
  5294 | D:6      | Found a sacrificial altar of Ru.
  5520 | D:6      | Found a hide-covered altar of Uskayaw.
  5578 | D:6      | Reached skill level 9 in Axes
  5804 | D:6      | Reached skill level 5 in Fighting
  5920 | D:7      | Noticed Maggie
  5932 | D:7      | Killed Maggie
  5932 | D:7      | Reached skill level 10 in Axes
  6118 | D:7      | Reached * piety under Makhleb
  6137 | D:7      | Found a glowing golden altar of the Shining One.
  6183 | D:7      | Found a basalt altar of Yredelemnul.
  6185 | D:7      | Noticed a profane servitor
  6298 | D:7      | Noticed Menkaure
  6310 | D:7      | Killed Menkaure
  6352 | D:7      | Slain by an orc warrior

Illustrated notes

Levels and vault maps discovered:
D:1:      onia_arrival_zoo_common, layout_loops_ring, st_stairs_6, minivault_27
D:2:      layout_loops_ring
D:3:      layout_loops_ring, grunt_dithmenos_smoke_and_mirrors,
          gammafunk_temple_overflow_elements, serial_bayou_crossing, uniq_ijyb
D:4:      layout_basic
D:5:      layout_loops_corners, minmay_temple_entry_antechambers, st_stairs_14
D:6:      layout_basic, nicolae_ru_awakened_eye, eat_drink_and_be_merry_uskayaw
D:7:      layout_basic, grunt_temple_overflow_holy_war, kennysheep_donut,
          uniq_maggie, uniq_menkaure
Temple:   dpeg_chambers_temple

Skill      XL: |  1  2  3  4  5  6  7  8 |
---------------+-------------------------+-----
Shields        | 4 5 6 |  6.0
Fighting       | 4 5 |  5.5
Axes           | 3 4 5 7 8 10 | 10.9
Armour         | 4 5 6 |  6.4
Dodging        | 1 2 |  2.5

Action                   |  1- 3 |  4- 6 |  7- 9 || total
-------------------------+-------+-------+-------++-------
Melee: War axe           |   106 |   112 |   139 ||   357
       Headbutt          |     5 |    18 |    24 ||    47
  Use: Potion            |       |     2 |     1 ||     3
       Scroll            |       |       |     3 ||     3
Armor: Scale mail        |    64 |    46 |    43 ||   153
Dodge: Dodged            |    36 |    35 |    38 ||   109
Block: Kite shield       |    76 |    50 |    65 ||   191

Table legend: (Time is in decaauts)
 A = Elapsed time spent in this place.
 B = Non-inter-level travel time spent in this place.
 C = Inter-level travel time spent in this place.
 D = Time resting spent in this place.
 E = Time spent auto-exploring this place.
 F = Levels seen in this place.
 G = Mean time per level.
                   A        B        C        D        E       F      G
               +--------+--------+--------+--------+--------+-----+--------+
         Total |   6454 |   6208 |    246 |   1503 |   3756 |   8 |  806.8 |
       Dungeon |   6425 |   6179 |    246 |   1503 |   3756 |   7 |  917.9 |
        Temple |     28 |     28 |      0 |      0 |      0 |   1 |   28.0 |
               +--------+--------+--------+--------+--------+-----+--------+

Top non-repeatable levels by time:
     D:3: 1153 daAuts
     D:6: 1049 daAuts
     D:5: 1031 daAuts
     D:4: 1029 daAuts
     D:1: 888 daAuts
     D:2: 838 daAuts
     D:7: 434 daAuts
  Temple: 28 daAuts
